 Dungeon Crawl Stone Soup version 0.20.0-8-g6b59dc7 (webtiles) character file.

799 Gorglomux the Ruffian (level 7, -4/72 HPs)
             Began as a Troll Arcane Marksman on May 31, 2017.
             Was a Believer of Ru.
             Killed from afar by Dowan (28 damage)
             ... with a shard of ice
             ... on level 4 of the Dungeon.
             The game lasted 00:02:27 (3082 turns).

Gorglomux the Ruffian (Troll Arcane Marksman)       Turns: 3082, Time: 00:02:28

Health: -4/72      AC:  5    Str: 19    XL:     7   Next: 59%
Magic:  7/7        EV: 10    Int: 11    God:    Ru [**....]
Gold:   138        SH:  0    Dex: 12    Spells: 7/8 levels left

rFire    . . .     SeeInvis .     - Unarmed
rCold    . . .     Gourm    +   (no shield)
rNeg     . . .     Faith    .   a - +0 robe
rPois    .         Spirit   .   (helmet restricted)
rElec    .         Reflect  .   (no cloak)
rCorr    .         Harm     .   (gloves unavailable)
MR       .....                  (boots unavailable)
Stlth    +.........             (no amulet)
Regen    0.7/turn               U - +2 ring of intelligence
MPRegen  0.1/turn               (no ring)

@: no status effects
A: unfitting armour, claws 3, fast metabolism 3, gourmand, regeneration 1,
shaggy fur 1, tough skin 2, inability to use devices
a: Renounce Religion


You were on level 4 of the Dungeon.
You worshipped Ru.
Ru was pleased with you.
You were completely stuffed.

You visited 1 branch of the dungeon, and saw 4 of its levels.

You collected 138 gold pieces.

Inventory:

Missiles
 c - 4 large rocks (quivered)
 Z - 3 throwing nets
Armour
 a - a +0 robe (worn)
 H - a +0 large shield
Jewellery
 G - an uncursed amulet of rage {unknown}
 P - a +2 ring of protection {unknown}
 U - a +2 ring of intelligence (left claw)
Scrolls
 L - a scroll of enchant weapon {unknown}
 O - a scroll of immolation {unknown}
 V - 2 scrolls of remove curse {unknown}
 W - 8 scrolls of identify {unknown}
 X - 2 scrolls of teleportation {unknown}
Potions
 I - a potion of resistance {unknown}
 J - a potion of heal wounds {unknown}
 K - a potion of berserk rage {unknown}
 M - a potion of might {unknown}
 R - 2 potions of brilliance {unknown}
 S - 2 potions of invisibility {unknown}
 T - 2 potions of flight {unknown}
 Y - 2 potions of curing {unknown}
Books
 b - a book of Debilitation

   Spells                             Type                      Level
   a - Corona                         Hexes                        1
   b - Slow                           Hexes                        2
   c - Inner Flame                    Hexes/Fire                   3
   d - Portal Projectile              Hexes/Translocation          3
   e - Cause Fear                     Hexes                        4
   f - Leda's Liquefaction            Hexes/Earth                  4
Comestibles
 f - 5 bread rations
 z - 4 meat rations
 F - 2 chunks of flesh
 N - 4 fruits
 Q - 2 royal jellies


   Skills:
 + Level 5.0 Fighting
 - Level 1.7 Throwing
 - Level 1.5 Dodging
 + Level 5.8 Unarmed Combat
 - Level 1.0 Spellcasting
 - Level 2.0 Hexes


You had 7 spell levels left.
You knew the following spells:

 Your Spells              Type           Power        Failure   Level  Hunger
a - Corona                Hex            #......      14%         1    ##.....


Dungeon Overview and Level Annotations

Branches:
Dungeon (4/15)             Temple (0/1) D:4

Altars:
Ru
Uskayaw

Annotations:
D:4 Dowan


Innate Abilities, Weirdness & Mutations

You are too large for most types of armour.
You have claws for hands.
Your metabolism is lightning-fast.
You like to eat raw meat.
Your natural rate of healing is unusually fast.
You are covered in fur. (AC +1)
You have very tough skin. (AC +2)
You cannot study or use magical devices.


Message History

The hound is severely wounded.
The hound bites you but does no damage.
You claw the hound!
You kill the hound!
You redirect Dowan's attack!
There is an open door, spattered with blood here.
You see here a hound corpse.
You swing at nothing.
Dowan shouts!
There is an open door, spattered with blood here.
You see here a hound corpse.
You swing at nothing.
You closely miss Dowan.
Dowan is severely wounded.
Dowan hits you but does no damage.
You miss Dowan.
Dowan is severely wounded.
Dowan casts a spell at you. The shard of ice hits you!
You die...

#......#####.........'
#....................#
..................#
.................#
................#
...............#
###+###......####'####
#.....#e.....#......##
#...@#......#..)...#.
#....e).....#......#.
#....#......#....(.#.
#....#......#......#.
#....#.............##
#$...#......#.#....##
#...?#.....#.#.#...##
######....#.#.#.#...#
#.....#.>.#....#


You could see Dowan.

Vanquished Creatures
  Edmund (D:4)
  Duvessa (D:4)
  A phantom (D:4)
  2 hounds (D:4)
  2 orc priests
  A bullfrog skeleton (D:4)
  Ijyb (D:4)
  4 orc wizards
  A worker ant zombie (D:4)
  6 adders
  3 gnolls (D:4)
  3 oozes
  An adder skeleton (D:4)
  7 worms
  A dart slug (D:1)
  3 leopard geckos
  10 orcs
  A giant cockroach (D:2)
  8 goblins
  7 hobgoblins
  A quokka (D:2)
  A ball python (D:3)
  11 bats
  3 frilled lizards
  9 kobolds
  8 rats
97 creatures vanquished.

Notes
Turn   | Place    | Note
-------+----------+-------------------------------------------
     0 | D:1      | Gorglomux the Troll Arcane Marksman began the quest for the Orb.
     0 | D:1      | Reached XP level 1. HP: 18/18 MP: 1/1
   102 | D:1      | Reached skill level 1 in Fighting
   169 | D:1      | Reached skill level 1 in Unarmed Combat
   169 | D:1      | Reached XP level 2. HP: 27/27 MP: 2/2
   736 | D:2      | Reached XP level 3. HP: 35/35 MP: 3/3
   789 | D:2      | Noticed a hand axe
   789 | D:2      | Noticed a dagger
   790 | D:2      | Found a hide-covered altar of Uskayaw.
  1357 | D:3      | Reached XP level 4. HP: 38/42 MP: 4/4
  1563 | D:3      | Reached skill level 3 in Unarmed Combat
  1636 | D:3      | Found a sacrificial altar of Ru.
  1645 | D:3      | Reached XP level 5. HP: 47/52 MP: 5/5
  1760 | D:3      | Became a worshipper of Ru the Awakened
  1776 | D:3      | Reached skill level 3 in Fighting
  2259 | D:3      | Reached XP level 6. HP: 56/61 MP: 6/6
  2314 | D:4      | Noticed Edmund
  2331 | D:4      | Killed Edmund
  2604 | D:4      | Reached XP level 7. HP: 54/71 MP: 7/7
  2690 | D:4      | Gained mutation: You cannot study or use magical devices. [Ru sacrifice]
  2690 | D:4      | Reached * piety under Ru
  2690 | D:4      | Reached ** piety under Ru
  2965 | D:4      | Noticed Ijyb
  2977 | D:4      | Killed Ijyb
  2980 | D:4      | Found a staircase to the Ecumenical Temple.
  3046 | D:4      | Noticed Duvessa
  3047 | D:4      | Noticed Dowan
  3060 | D:4      | Killed Duvessa
  3082 | D:4      | Killed from afar by Dowan

Skill      XL: |  1  2  3  4  5  6  7 |
---------------+----------------------+-----
Fighting       | 1 2 3 4 5 |  5.0
Unarmed Combat | 1 2 3 4 5 |  5.8
Throwing       | |  1.7
Dodging        | |  1.5
Spellcasting   | |  1.0
Hexes          | |  2.0

Action                   |  1- 3 |  4- 6 |  7- 9 || total
-------------------------+-------+-------+-------++-------
Melee: Unarmed           |    74 |   173 |    65 ||   312
       Punch             |       |     3 |     2 ||     5
Invok: Sacrifice Artific |       |       |     1 ||     1
 Stab: Sleeping          |     1 |       |       ||     1
       Paralysed         |       |     3 |       ||     3
  Eat: Chunk             |    18 |    11 |     5 ||    34
Armor: Robe              |    28 |    40 |    19 ||    87
Dodge: Dodged            |    43 |    81 |    38 ||   162
